 Dungeon Crawl Stone Soup version 0.29-a0-352-g0917bc69df (webtiles) character file.

Game seed: 3465315022231179456

3902 101zpm the Magician (level 10, 0/74 HPs)
             Began as a Gnoll Air Elementalist on Apr 24, 2022.
             Succumbed to a killer bee's poison
             ... on level 7 of the Dungeon.
             The game lasted 00:24:20 (10002 turns).

101zpm the Magician (Gnoll Air Elementalist)       Turns: 10002, Time: 00:24:21

Health: 0/74       AC:  6    Str:  7    XL:     10   Next: 20%
Magic:  17/20      EV: 16    Int: 26    God:
Gold:   624        SH:  5    Dex: 18    Spells: 6/23 levels left

rFire   . . .      SeeInvis .   s - +1 war axe "Newt's Nightmare" {flame, Int+2}
rCold   + . .      Faith    .   q - orb {guile}
rNeg    . . .      Spirit   .   a - +0 robe
rPois   .          Reflect  +   D - +0 helmet
rElec   .          Harm     .   (no cloak)
rCorr   .          Rampage  .   A - +0 pair of gloves
Will    .....                   g - +0 pair of boots of the Engineer {Int+6 Dex+4}
Stlth   ++++......              e - amulet of reflection
HPRegen 0.22/turn               p - ring of willpower
MPRegen 0.17/turn               o - ring of protection from cold

@: lethally poisoned (0 -> -19)
A: fangs 1, strong nose, distributed training
a: no special abilities


You were on level 7 of the Dungeon.
You visited 2 branches of the dungeon, and saw 9 of its levels.

You collected 624 gold pieces.

Inventory:

Hand Weapons
 s - the +1 war axe "Newt's Nightmare" (weapon) {flame, Int+2}
   (You found it on level 4 of the Dungeon)

   It burns those it strikes, dealing additional fire damage.
   Big, fiery blades are also staple armaments of hydra-hunters.
   Int:       It affects your intelligence (+2).
Armour
 a - a +0 robe (worn)
 g - the +0 pair of boots of the Engineer (worn) {Int+6 Dex+4}
   (You found it on level 3 of the Dungeon)

   Int:       It affects your intelligence (+6).
   Dex:       It affects your dexterity (+4).
 q - an orb of guile (worn)
 A - a +0 pair of gloves (worn)
 D - a +0 helmet (worn)
Jewellery
 e - an amulet of reflection (around neck)
 o - a ring of protection from cold (right hand)
 p - a ring of willpower (left hand)
 C - a ring of protection from cold
Scrolls
 h - 10 scrolls of identify
 j - 2 scrolls of silence
 l - a scroll of summoning
 n - 3 scrolls of teleportation
 r - 2 scrolls of noise {unknown}
 t - a scroll of amnesia {unknown}
 u - a scroll of fear {unknown}
 x - a scroll of magic mapping {unknown}
 y - 3 scrolls of fog {unknown}
 z - a scroll of vulnerability {unknown}
 B - a scroll of immolation {unknown}
 E - 3 scrolls of enchant armour {unknown}
 F - a scroll of brand weapon {unknown}
Potions
 b - a potion of magic
 c - 2 potions of heal wounds {unknown}
 d - a potion of flight {unknown}
 f - a potion of mutation {unknown}
 i - a potion of degeneration {unknown}
 k - 5 potions of curing {unknown}
 m - a potion of ambrosia {unknown}
 v - a potion of berserk rage {unknown}
 w - a potion of attraction {unknown}


   Skills:
 + Level 5.0 Fighting
 + Level 5.0 Short Blades
 + Level 5.0 Long Blades
 + Level 5.0 Axes
 + Level 5.0 Maces & Flails
 + Level 5.0 Polearms
 + Level 5.0 Staves
 + Level 5.0 Slings
 + Level 5.0 Bows
 + Level 5.0 Crossbows
 + Level 5.0 Throwing
 + Level 5.0 Armour
 + Level 6.9 Dodging
 + Level 6.6 Stealth
 + Level 5.0 Shields
 + Level 5.0 Unarmed Combat
 + Level 7.2 Spellcasting
 + Level 4.7 Conjurations
 + Level 4.1 Hexes
 + Level 4.1 Summonings
 + Level 4.1 Necromancy
 + Level 4.1 Translocations
 + Level 4.1 Transmutations
 + Level 4.1 Fire Magic
 + Level 4.1 Ice Magic
 + Level 7.0 Air Magic
 + Level 4.1 Earth Magic
 + Level 4.1 Poison Magic
 + Level 5.5 Invocations
 + Level 5.0 Evocations


You had 6 spell levels left.
You knew the following spells:

 Your Spells              Type           Power      Damage    Failure   Level
a - Shock                 Conj/Air       100%       1d9       1%          1
b - Static Discharge      Conj/Air       39%        N/A       1%          2
c - Swiftness             Air            45%        N/A       1%          3
d - Airstrike             Air            22%        N/A       3%          4
e - Inner Flame           Hex/Fire       31%        N/A       3%          3
f - Flame Wave            Conj/Fire      32%        2d8       10%         4

Your spell library contained the following spells:

 Spells                   Type           Power      Damage    Failure   Level
 Animate Skeleton         Necr           62%        N/A       1%          1
 Apportation              Tloc           62%        N/A       1%          1
 Foxfire                  Conj/Fire      100%       2x1d9     1%          1
 Summon Small Mammal      Summ           100%       N/A       1%          1
 Conjure Flame            Conj/Fire      32%        6-21      3%          3


Dungeon Overview and Level Annotations

Branches:
Dungeon (8/15)             Temple (1/1) D:7
   Lair: D:8-11

Altars:
Ashenzari
Dithmenos
Elyvilon
Fedhas
Hepliaklqana
Kikubaaqudgha
Nemelex Xobeh
Okawaru
Qazlal
Ru
Sif Muna
Trog
Uskayaw
Wu Jian
Xom
Yredelemnul
Zin

Shops:
D:5 (*   D:7 [   D:8 *

Annotations:
D:4 1 runed translucent door, Majang's ghost, amateur TeAE
D:5 2 runed translucent doors, Crazy Yiuf; Morbidden's ghost, novice DsBr


Innate Abilities, Weirdness & Mutations

You have very sharp teeth.
Your uncanny sense of smell can sniff out nearby items.
Your experience applies equally to all skills.


Message History

You are more poisoned.
The killer bee poisons you!
You completely miss the killer bee.
The killer bee is severely wounded.
You feel very sick. The killer bee stings you.
The killer bee closely misses you. The killer bee misses you.
You barely miss the killer bee.
You bite the killer bee, but do no damage.
The killer bee is severely wounded.
You feel very sick. The killer bee misses you.
The killer bee closely misses you.
You closely miss the killer bee.
The killer bee is severely wounded.
You feel sick.
The killer bee stings you but does no damage.
The killer bee misses you. You block the killer bee's attack.
You hit the killer bee. You burn the killer bee.
The killer bee is severely wounded.
You feel sick. The killer bee closely misses you. The killer bee stings you.
* * * LOW HITPOINT WARNING * * *
You are more poisoned.
The killer bee poisons you!
You barely miss the killer bee.
The killer bee is severely wounded.
* * * LOW HITPOINT WARNING * * *
You feel very sick. The killer bee misses you.
The killer bee closely misses you. You block the killer bee's attack.
You miss the killer bee.
The killer bee is severely wounded.
* * * LOW HITPOINT WARNING * * *
You feel very sick. You block the killer bee's attack.
The killer bee stings you.
* * * LOW HITPOINT WARNING * * *
You are more poisoned.
The killer bee poisons you!
You barely miss the killer bee.
The killer bee is severely wounded.
You die...

.####. ...... .....
)..... #...##
)....... ##....# ...
#..##.....# ).
#.#....... ##.
#........ ###†##
#...[.... #.y@.##
##......<.
##....#####.........
#.......##.........
####........)...†..
#.............>..
###..............
#..............
####...........
######......


You could see a killer bee.

Vanquished Creatures
  Pikel (D:3)
  Sigmund (D:2)
  A wyvern (D:8)
  A steam dragon (D:8)
  Edmund (D:5)
  Menkaure (D:4)
  2 water moccasins
  3 ice beasts
  An orc warrior (D:7)
  A black bear (D:8)
  4 ogres
  A phantom (D:4)
  3 lemures
  2 kobold brigands
  A necrophage (D:6)
  3 bullfrogs (D:8)
  A gnoll sergeant (D:7)
  3 scorpions (D:6)
  2 killer bees (D:7)
  4 howler monkeys
  A lava snake (D:8)
  2 orc priests (D:5)
  4 hounds
  3 jellies
  8 iguanas
  An orc wizard (D:5)
  4 gnolls (D:7)
  7 adders
  3 shadow imps
  A white imp (D:8)
  An ufetubus (D:4)
  3 worms
  5 dart slugs
  22 orcs
  10 ball pythons
  5 bats
  8 endoplasms
  4 giant cockroaches
  7 goblins
  9 hobgoblins
  14 jackals
  2 quokkas (D:1)
  2 frilled lizards
  15 kobolds
  5 rats
183 creatures vanquished.

Vanquished Creatures (others)
  A killer bee (D:7)
  5 plants
6 creatures vanquished.

Grand Total: 189 creatures vanquished

Notes
Turn   | Place    | Note
-------+----------+-------------------------------------------
     0 | D:1      | 101zpm the Gnoll Air Elementalist began the quest for the
                  | Orb.
     0 | D:1      | Reached XP level 1. HP: 13/13 MP: 6/6
   216 | D:1      | Reached XP level 2. HP: 19/19 MP: 5/7
   612 | D:1      | Reached XP level 3. HP: 25/25 MP: 6/9
   685 | D:1      | Reached skill level 5 in Spellcasting
   812 | D:1      | Found a faded altar of an unknown god.
  1064 | D:2      | Noticed Sigmund
  1201 | D:3      | Reached skill level 1 in Invocations
  1501 | D:3      | Reached skill level 1 in Fighting
  1501 | D:3      | Reached skill level 1 in Short Blades
  1501 | D:3      | Reached skill level 1 in Long Blades
  1501 | D:3      | Reached skill level 1 in Axes
  1501 | D:3      | Reached skill level 1 in Maces & Flails
  1501 | D:3      | Reached skill level 1 in Polearms
  1501 | D:3      | Reached skill level 1 in Staves
  1501 | D:3      | Reached skill level 1 in Slings
  1501 | D:3      | Reached skill level 1 in Bows
  1501 | D:3      | Reached skill level 1 in Crossbows
  1501 | D:3      | Reached skill level 1 in Throwing
  1501 | D:3      | Reached skill level 1 in Armour
  1501 | D:3      | Reached skill level 1 in Shields
  1501 | D:3      | Reached skill level 1 in Unarmed Combat
  1501 | D:3      | Reached skill level 1 in Evocations
  1635 | D:3      | Identified the +0 pair of boots of the Engineer {Int+6
                  | Dex+4}
  1645 | D:3      | Learned a level 2 spell: Static Discharge
  1649 | D:3      | Learned a level 3 spell: Swiftness
  1790 | D:3      | Reached XP level 4. HP: 32/32 MP: 8/11
  2250 | D:3      | Learned a level 4 spell: Airstrike
  2409 | D:2      | Killed Sigmund
  2410 | D:2      | Reached skill level 1 in Hexes
  2410 | D:2      | Reached skill level 1 in Summonings
  2410 | D:2      | Reached skill level 1 in Necromancy
  2410 | D:2      | Reached skill level 1 in Translocations
  2410 | D:2      | Reached skill level 1 in Transmutations
  2410 | D:2      | Reached skill level 1 in Fire Magic
  2410 | D:2      | Reached skill level 1 in Ice Magic
  2410 | D:2      | Reached skill level 1 in Earth Magic
  2410 | D:2      | Reached skill level 1 in Poison Magic
  2410 | D:2      | Reached XP level 5. HP: 38/38 MP: 1/12
  2410 | D:2      | Reached XP level 6. HP: 44/44 MP: 1/13
  3002 | D:4      | Reached skill level 5 in Dodging
  3295 | D:3      | Reached XP level 7. HP: 9/50 MP: 5/15
  3649 | D:4      | Found a runed translucent door.
  3657 | D:4      | Noticed Menkaure
  3659 | D:4      | Killed Menkaure
  4092 | D:4      | You fall into a shaft and drop 2 floors!
  4107 | D:5      | Entered Level 5 of the Dungeon
  4107 | D:5      | Noticed Morbidden's ghost (novice DsBr)
  4107 | D:5      | Found a runed translucent door.
  4118 | D:5      | Reached skill level 5 in Stealth
  4448 | D:4      | Noticed Pikel
  4594 | D:3      | Killed Pikel
  4595 | D:3      | Reached XP level 8. HP: 25/58 MP: 6/17
  4835 | D:4      | Noticed Majang's ghost (amateur TeAE)
  5348 | D:4      | Identified the +1 war axe "Newt's Nightmare" {flame, Int+2}
  5409 | D:5      | Found Iturourch's Weapon Emporium.
  6021 | D:5      | Reached XP level 9. HP: 65/65 MP: 14/18
  6043 | D:5      | Noticed Edmund
  6047 | D:5      | Killed Edmund
  6392 | D:5      | Found Vaedic's Assorted Antiques.
  6430 | D:5      | Found a runed translucent door.
  6431 | D:5      | Noticed Crazy Yiuf
  7333 | D:6      | Found a sparkling altar of Nemelex Xobeh.
  8068 | D:7      | Found Raomma Senk's Armour Shoppe.
  8071 | D:7      | Found a white marble altar of Elyvilon.
  8073 | D:7      | Found a broken altar of Ashenzari.
  8116 | D:7      | Reached skill level 5 in Invocations
  8238 | D:7      | Learned a level 3 spell: Inner Flame
  8243 | D:7      | Learned a level 4 spell: Flame Wave
  8455 | D:7      | Found a staircase to the Ecumenical Temple.
  8466 | Temple   | Entered the Ecumenical Temple
  9114 | D:8      | Found a shimmering blue altar of Sif Muna.
  9116 | D:8      | Found a blossoming altar of Fedhas.
  9117 | D:8      | Found a stormy altar of Qazlal.
  9119 | D:8      | Found an ornate altar of the Wu Jian Council.
  9120 | D:8      | Found a basalt altar of Yredelemnul.
  9153 | D:8      | Reached XP level 10. HP: 73/73 MP: 2/20
  9659 | D:8      | Reached skill level 5 in Fighting
  9659 | D:8      | Reached skill level 5 in Short Blades
  9659 | D:8      | Reached skill level 5 in Long Blades
  9659 | D:8      | Reached skill level 5 in Axes
  9659 | D:8      | Reached skill level 5 in Maces & Flails
  9659 | D:8      | Reached skill level 5 in Polearms
  9659 | D:8      | Reached skill level 5 in Staves
  9659 | D:8      | Reached skill level 5 in Slings
  9659 | D:8      | Reached skill level 5 in Bows
  9659 | D:8      | Reached skill level 5 in Crossbows
  9659 | D:8      | Reached skill level 5 in Throwing
  9659 | D:8      | Reached skill level 5 in Armour
  9659 | D:8      | Reached skill level 5 in Shields
  9659 | D:8      | Reached skill level 5 in Unarmed Combat
  9659 | D:8      | Reached skill level 5 in Evocations
  9796 | D:8      | Found Gozag's Platinum Reserve.
  9810 | D:8      | Noticed a death yak
 10002 | D:7      | Succumbed to a killer bee's poison

Illustrated notes

Levels and vault maps discovered:
D:1:      eino_arrival_water_cross, layout_basic, ebering_ecumenical_altar_rust,
          hangedman_feature_mirror, minmay_tripent
D:2:      layout_rooms, uniq_sigmund
D:3:      layout_loops_corners
D:4:      minmay_razor_zed, layout_cave_pools, ebering_ghost_reflecting_pool,
          uniq_menkaure, uniq_pikel
D:5:      layout_cave_pods, gammafunk_ghost_grave, serial_column_ruins,
          column_ruins_columns_dead_end, column_ruins_columns_straight,
          column_ruins_grid_3, column_ruins_grid_1,
          column_ruins_corridor_corner, serial_shops,
          nicolae_shop_hallway_stairs, shop_coins, nicolae_ossuary_entry_plus,
          uniq_crazy_yiuf_cottage, uniq_edmund
D:6:      layout_rooms, nemelex_altar_shiori, grunt_decor_cap
D:7:      layout_cave_pools, grunt_temple_overflow_lords_of_destruction,
          gammafunk_temple_overflow_forgotten, tso_metal_star,
          minmay_temple_entry_tees, serial_shops, nicolae_shop_crystal,
          grunt_decor_junction, corexii_item_surrounded_by_moat
D:8:      corexii_shack_village, layout_basic, nicolae_gozag_zags_fifth_avenue,
          minitemple, dpeg_lair_monsters, kennysheep_doodads
Temple:   nicolae_temple_figure_zero

Skill      XL: |  1  2  3  4  5  6  7  8  9 10 |
---------------+-------------------------------+-----
Conjurations   | 2 3 4 |  4.7
Spellcasting   | 5 6 7 |  7.2
Invocations    | 1 2 3 4 5 |  5.5
Fighting       | 1 2 3 4 5 |  5.0
Short Blades   | 1 2 3 4 5 |  5.0
Long Blades    | 1 2 3 4 5 |  5.0
Axes           | 1 2 3 4 5 |  5.0
Maces & Flails | 1 2 3 4 5 |  5.0
Polearms       | 1 2 3 4 5 |  5.0
Staves         | 1 2 3 4 5 |  5.0
Slings         | 1 2 3 4 5 |  5.0
Bows           | 1 2 3 4 5 |  5.0
Crossbows      | 1 2 3 4 5 |  5.0
Throwing       | 1 2 3 4 5 |  5.0
Armour         | 1 2 3 4 5 |  5.0
Shields        | 1 2 3 4 5 |  5.0
Unarmed Combat | 1 2 3 4 5 |  5.0
Evocations     | 1 2 3 4 5 |  5.0
Hexes          | 1 2 3 4 |  4.1
Summonings     | 1 2 3 4 |  4.1
Necromancy     | 1 2 3 4 |  4.1
Translocations | 1 2 3 4 |  4.1
Transmutations | 1 2 3 4 |  4.1
Fire Magic     | 1 2 3 4 |  4.1
Ice Magic      | 1 2 3 4 |  4.1
Earth Magic    | 1 2 3 4 |  4.1
Poison Magic   | 1 2 3 4 |  4.1
Dodging        | 5 6 |  6.9
Stealth        | 5 6 |  6.6
Air Magic      | 6 7 |  7.0

Action                   |  1- 3 |  4- 6 |  7- 9 | 10-12 || total
-------------------------+-------+-------+-------+-------++-------
Melee: Unarmed           |     9 |       |     5 |       ||    14
       Bite              |       |       |     2 |     3 ||     5
       War axe           |       |       |     6 |    20 ||    26
 Cast: Shock             |    73 |    77 |   176 |    48 ||   374
       Airstrike         |       |       |    59 |     4 ||    63
  Use: Scroll            |       |       |     3 |       ||     3
Armor: Robe              |     7 |     1 |     3 |     6 ||    17
Dodge: Dodged            |    26 |     9 |    41 |    34 ||   110
Block: Orb               |       |       |     3 |    16 ||    19
       Reflection        |       |       |       |     2 ||     2

Table legend: (Time is in decaauts)
 A = Elapsed time spent in this place.
 B = Non-inter-level travel time spent in this place.
 C = Inter-level travel time spent in this place.
 D = Time resting spent in this place.
 E = Time spent auto-exploring this place.
 F = Levels seen in this place.
 G = Mean time per level.
                   A        B        C        D        E       F      G
               +--------+--------+--------+--------+--------+-----+--------+
         Total |  10015 |   9647 |    368 |   2666 |   6006 |   9 | 1112.8 |
       Dungeon |   9891 |   9533 |    358 |   2666 |   5895 |   8 | 1236.4 |
        Temple |    123 |    113 |     10 |      0 |    111 |   1 |  123.0 |
               +--------+--------+--------+--------+--------+-----+--------+

Top non-repeatable levels by time:
     D:5: 2104 daAuts
     D:3: 1972 daAuts
     D:4: 1394 daAuts
     D:8: 1176 daAuts
     D:1: 1065 daAuts
     D:6: 930 daAuts
     D:2: 641 daAuts
     D:7: 605 daAuts
  Temple: 123 daAuts
